| TOP OF THE 1ST |
|
University of Florida Gators batting - Pitching for University of Georgia Bulldogs : RHP Adrian Foreman
|
|
Pitching: RHP Adrian Foreman
|
|
|
Batting: RHB Troy Morin
|
0-0: Ball 1-0: Ball 2-0: Ball 3-0: Base on Balls
|
|
Batting: LHB Carlos Palau
|
0-0: Ball 1-0: Foul Ball, location: 2F 1-1: Ball 2-1: Fly out, F6 (Flyball, 4MD, EV 82.5 MPH)
|
|
Batting: LHB Andy Buschlen
|
0-0: Ball 1-0: Ball 2-0: Foul Ball, location: 2F 2-1: Foul Ball, location: 2F 2-2: Fielders Choice at 2nd, 4-6 (Groundball, 4, EV 82.5 MPH)
|
|
Batting: LHB Tomas Espino
|
0-0: Foul Ball, location: 2F 0-1: Ball 1-1: Ball 2-1: Ground out 4-3 (Groundball, 4, EV 100.0 MPH)
|
| Top of the 1st over - 0 runs, 0 hits, 0 errors, 1 left on base; University of Florida 0 - University of Georgia 0 |
| BOTTOM OF THE 1ST |
|
University of Georgia Bulldogs batting - Pitching for University of Florida Gators : RHP Norman Hewat
|
|
Pitching: RHP Norman Hewat
|
|
|
Batting: RHB Janne Vihko
|
0-0: Reached on error, E4 (Groundball, 4, EV 80.6 MPH)
|
|
Batting: RHB Giorgi Bezhanishvili
|
0-0: Called Strike 0-1: Swinging Strike 0-2: Ball 1-2: Strikes out swinging
|
|
Batting: LHB Justin Daley
|
0-0: Fielders Choice at 2nd, 4-6 (Groundball, 4, EV 93.8 MPH)
|
|
Batting: RHB Terry Oetker
|
0-0: Ball 1-0: Called Strike 1-1: Ground out 4-3 (Groundball, 34, EV 86.9 MPH)
|
| Bottom of the 1st over - 0 runs, 0 hits, 1 error, 1 left on base; University of Florida 0 - University of Georgia 0 |
| TOP OF THE 2ND |
|
University of Florida Gators batting - Pitching for University of Georgia Bulldogs : RHP Adrian Foreman
|
|
Batting: RHB Tim Dower
|
0-0: Called Strike 0-1: Swinging Strike 0-2: Strikes out looking
|
|
Batting: SHB Edgar Dominguez
|
0-0: Ball 1-0: Called Strike 1-1: Ball 2-1: Foul Ball, location: 2F 2-2: Strikes out looking
|
|
Batting: SHB Sun-wei Ng
|
0-0: Ball 1-0: Foul Ball, location: 2F 1-1: Called Strike 1-2: Ball 2-2: Ball 3-2: Foul Ball, location: 2F 3-2: Foul Ball, location: 2F 3-2: Ground out 4-3 (Groundball, 4, EV 88.1 MPH)
|
| Top of the 2nd over - 0 runs, 0 hits, 0 errors, 0 left on base; University of Florida 0 - University of Georgia 0 |
| BOTTOM OF THE 2ND |
|
University of Georgia Bulldogs batting - Pitching for University of Florida Gators : RHP Norman Hewat
|
|
Batting: RHB Jeff Floyd
|
0-0: Ball 1-0: Ball 2-0: Foul Ball, location: 2F 2-1: Foul Ball, location: 2F 2-2: Foul Ball, location: 2F 2-2: Foul Ball, location: 2F 2-2: Fly out, F7 (Flyball, 7LD, EV 98.8 MPH)
|
|
Batting: RHB Armando Ramirez
|
0-0: Hit by Pitch
|
|
Batting: RHB Rip Log
|
0-0: Called Strike 0-1: Swinging Strike 0-2: Ball 1-2: Ball 2-2: Ball 3-2: Strikes out swinging
|
|
Batting: RHB Mike Lassiter
|
0-0: Ball 1-0: Foul Ball, location: 2F 1-1: Ground out 1-3 (Groundball, 15S, EV 76.2 MPH)
|
| Bottom of the 2nd over - 0 runs, 0 hits, 0 errors, 1 left on base; University of Florida 0 - University of Georgia 0 |
| TOP OF THE 3RD |
|
University of Florida Gators batting - Pitching for University of Georgia Bulldogs : RHP Adrian Foreman
|
|
Batting: RHB Eddie Luna
|
0-0: Called Strike 0-1: Hit by Pitch
|
|
Batting: RHB Amare Brown
|
0-0: Ball 1-0: Foul Ball, location: 2F 1-1: Fly out, F8 (Flyball, 8RD, EV 87.5 MPH)
|
|
Batting: RHB Troy Morin
|
0-0: Fly out, F8 (Flyball, 8RD, EV 93.8 MPH)
|
|
Batting: LHB Carlos Palau
|
0-0: Fly out, F4 (Flyball, 4D, EV 86.9 MPH)
|
| Top of the 3rd over - 0 runs, 0 hits, 0 errors, 1 left on base; University of Florida 0 - University of Georgia 0 |
| BOTTOM OF THE 3RD |
|
University of Georgia Bulldogs batting - Pitching for University of Florida Gators : RHP Norman Hewat
|
|
Batting: RHB Patrick Pinault
|
0-0: Ball 1-0: Foul Ball, location: 2F 1-1: Called Strike 1-2: Fly out, F8 (Flyball, 78D, EV 98.8 MPH)
|
|
Batting: RHB Janne Vihko
|
0-0: Called Strike 0-1: Swinging Strike 0-2: Ball 1-2: Strikes out swinging
|
|
Batting: RHB Giorgi Bezhanishvili
|
0-0: Ball 1-0: Ground out 4-3 (Groundball, 4, EV 108.1 MPH)
|
| Bottom of the 3rd over - 0 runs, 0 hits, 0 errors, 0 left on base; University of Florida 0 - University of Georgia 0 |
| TOP OF THE 4TH |
|
University of Florida Gators batting - Pitching for University of Georgia Bulldogs : RHP Adrian Foreman
|
|
Batting: LHB Andy Buschlen
|
0-0: Ball 1-0: Ball 2-0: Ball 3-0: Base on Balls
|
|
Batting: LHB Tomas Espino
|
0-0: Ball 1-0: Foul Ball, location: 2F 1-1: Swinging Strike 1-2: Ball 2-2: Ball 3-2: Fly out, F8 (Flyball, 78D, EV 101.9 MPH)
|
|
Batting: RHB Tim Dower
|
0-0: Ball 1-0: Ball 2-0: SINGLE (Groundball, 56D, EV 95.0 MPH) Andy Buschlen to second
|
|
Batting: SHB Edgar Dominguez
|
0-0: Ball 1-0: Foul Ball, location: 2F 1-1: Ball 2-1: Fielders Choice at 2nd, 4-6 (Groundball, 4M, EV 92.5 MPH) Andy Buschlen to third
|
|
Batting: SHB Sun-wei Ng
|
0-0: Called Strike 0-1: Ground out 3-1 (Groundball, 34, EV 88.1 MPH)
|
| Top of the 4th over - 0 runs, 1 hit, 0 errors, 2 left on base; University of Florida 0 - University of Georgia 0 |
| BOTTOM OF THE 4TH |
|
University of Georgia Bulldogs batting - Pitching for University of Florida Gators : RHP Norman Hewat
|
|
Batting: LHB Justin Daley
|
0-0: Ball 1-0: Swinging Strike 1-1: Foul Ball, location: 2F 1-2: SINGLE (Groundball, 15S, EV 65.6 MPH) (infield hit)
|
|
Batting: RHB Terry Oetker
|
0-0: Ball 1-0: Hit by Pitch Justin Daley to second
|
|
Batting: RHB Jeff Floyd
|
0-0: Ball 1-0: Fly out, F7 (Flyball, 78S, EV 90.0 MPH)
|
|
Batting: RHB Armando Ramirez
|
0-0: Called Strike 0-1: SINGLE (Groundball, 56S, EV 61.2 MPH) (infield hit) Justin Daley to third Terry Oetker to second
|
|
Batting: RHB Rip Log
|
0-0: Foul Ball, location: 2F 0-1: Ball 1-1: Called Strike 1-2: Foul Ball, location: 2F 1-2: Ball 2-2: Fielders Choice at 2nd, 4-6 (Groundball, 4, EV 95.0 MPH) Justin Daley scores Terry Oetker to third
|
|
Batting: RHB Mike Lassiter
|
0-0: Called Strike 0-1: Ball 1-1: Ball 2-1: Ball 3-1: Foul Ball, location: 2F 3-2: Strikes out swinging
|
| Bottom of the 4th over - 1 run, 2 hits, 0 errors, 2 left on base; University of Florida 0 - University of Georgia 1 |
| TOP OF THE 5TH |
|
University of Florida Gators batting - Pitching for University of Georgia Bulldogs : RHP Adrian Foreman
|
|
Batting: RHB Eddie Luna
|
0-0: Called Strike 0-1: Swinging Strike 0-2: Foul Ball, location: 2F 0-2: Ball 1-2: Ball 2-2: Ball 3-2: SINGLE (Groundball, 34D, EV 97.5 MPH)
|
|
Batting: RHB Amare Brown
|
0-0: Called Strike 0-1: Ball 1-1: Called Strike 1-2: Foul Ball, location: 2F 1-2: Foul Ball, location: 2F 1-2: Strikes out looking
|
|
Batting: RHB Troy Morin
|
0-0: Swinging Strike 0-1: Ball 1-1: Foul Ball, location: 2F 1-2: Ball 2-2: Fielders Choice at 2nd, 5-4 (Groundball, 5, EV 96.2 MPH)
|
|
Pitching: RHP Matt Schmidt
|
|
|
Batting: LHB Carlos Palau
|
0-0: Ball 1-0: Ball 2-0: Fly out, F9 (Line Drive, 9, EV 90.0 MPH)
|
| Top of the 5th over - 0 runs, 1 hit, 0 errors, 1 left on base; University of Florida 0 - University of Georgia 1 |
| BOTTOM OF THE 5TH |
|
University of Georgia Bulldogs batting - Pitching for University of Florida Gators : RHP Norman Hewat
|
|
Batting: RHB Patrick Pinault
|
0-0: Swinging Strike 0-1: Ball 1-1: Ball 2-1: Swinging Strike 2-2: Strikes out swinging
|
|
Batting: RHB Janne Vihko
|
0-0: Ball 1-0: Foul Ball, location: 2F 1-1: Swinging Strike 1-2: Strikes out swinging
|
|
Batting: RHB Giorgi Bezhanishvili
|
0-0: Called Strike 0-1: Ball 1-1: SINGLE (Groundball, 5S, EV 68.8 MPH) (infield hit)
|
|
Batting: LHB Justin Daley
|
0-0: SINGLE (Line Drive, 4D, EV 100.0 MPH) Giorgi Bezhanishvili to second Runner from 2nd tries for 3rd, SAFE, throw by CF made to third
|
|
Pinch Runner at 3rd Antonio Razo:
|
|
|
Batting: RHB Terry Oetker
|
0-0: Called Strike 0-1: DOUBLE (Line Drive, 9LS, EV 101.2 MPH) Antonio Razo scores Justin Daley to third Runner from 3rd tries for Home, throw by RF and OUT! 9-4-2
|
| Bottom of the 5th over - 1 run, 3 hits, 0 errors, 1 left on base; University of Florida 0 - University of Georgia 2 |
| TOP OF THE 6TH |
|
University of Florida Gators batting - Pitching for University of Georgia Bulldogs : RHP Matt Schmidt
|
|
Now in RF: Ivan Barrientos
|
|
|
Batting: LHB Andy Buschlen
|
0-0: Ground out 4-3 (Groundball, 34D, EV 85.6 MPH)
|
|
Batting: LHB Tomas Espino
|
0-0: Ball 1-0: Ground out U3 (Groundball, 3L, EV 85.6 MPH)
|
|
Batting: RHB Tim Dower
|
0-0: Called Strike 0-1: Called Strike 0-2: Ball 1-2: Ball 2-2: SINGLE (Line Drive, 4D, EV 98.8 MPH)
|
|
Batting: SHB Edgar Dominguez
|
0-0: SINGLE (Line Drive, 34, EV 98.8 MPH) Tim Dower to second Runner from 2nd tries for 3rd, OUT! 9-5
|
| Top of the 6th over - 0 runs, 2 hits, 0 errors, 1 left on base; University of Florida 0 - University of Georgia 2 |
| BOTTOM OF THE 6TH |
|
University of Georgia Bulldogs batting - Pitching for University of Florida Gators : RHP Norman Hewat
|
|
Batting: RHB Jeff Floyd
|
0-0: Foul Ball, location: 2F 0-1: Called Strike 0-2: Strikes out swinging
|
|
Pitching: RHP Pete Griesser
|
|
|
Batting: RHB Armando Ramirez
|
0-0: Called Strike 0-1: Fly out, F8 (Flyball, 78XD, EV 102.5 MPH)
|
|
Batting: RHB Rip Log
|
0-0: Ball 1-0: SINGLE (Flyball, 5D, EV 88.8 MPH)
|
|
Batting: RHB Mike Lassiter
|
0-0: Ball 1-0: Ball 2-0: SINGLE (Line Drive, 56D, EV 96.2 MPH) Rip Log to second
|
|
Batting: RHB Patrick Pinault
|
0-0: Called Strike 0-1: Ball Wild Pitch! Rip Log to third Mike Lassiter to second 1-1: Ball 2-1: Fly out, F9 (Flyball, 89D, EV 106.2 MPH)
|
| Bottom of the 6th over - 0 runs, 2 hits, 0 errors, 2 left on base; University of Florida 0 - University of Georgia 2 |
| TOP OF THE 7TH |
|
University of Florida Gators batting - Pitching for University of Georgia Bulldogs : RHP Matt Schmidt
|
|
Batting: SHB Sun-wei Ng
|
0-0: Ball 1-0: Swinging Strike 1-1: Ball 2-1: Foul Ball, location: 2F 2-2: Ball 3-2: Fly out, F8 (Flyball, 8RS, EV 68.1 MPH)
|
|
Batting: RHB Eddie Luna
|
0-0: Called Strike 0-1: Ground out 5-3 (Groundball, 56S, EV 68.1 MPH)
|
|
Batting: RHB Amare Brown
|
0-0: Ball 1-0: Ball 2-0: Foul Ball, location: 2F 2-1: Fly out, F8 (Flyball, 89XD, EV 105.6 MPH)
|
| Top of the 7th over - 0 runs, 0 hits, 0 errors, 0 left on base; University of Florida 0 - University of Georgia 2 |
| BOTTOM OF THE 7TH |
|
University of Georgia Bulldogs batting - Pitching for University of Florida Gators : RHP Pete Griesser
|
|
Pitching: RHP Carlos Cheas
|
|
|
Batting: RHB Janne Vihko
|
0-0: Swinging Strike 0-1: Called Strike 0-2: Ball 1-2: SINGLE (Groundball, 25, EV 69.4 MPH) (infield hit)
|
|
Batting: RHB Ivan Barrientos
|
0-0: Ball 1-0: Called Strike 1-1: Ball 2-1: Foul Ball, location: 2F 2-2: Ball 3-2: Base on Balls Janne Vihko to second
|
|
Batting: LHB Justin Daley
|
0-0: SINGLE (Line Drive, 78S, EV 95.6 MPH) Janne Vihko to third Ivan Barrientos to second
|
|
Pinch Hitting: SHB Javy Franco
|
0-0: Ball 1-0: Ball 2-0: Foul Ball, location: 2F 2-1: Ball 3-1: Base on Balls Janne Vihko scores Ivan Barrientos to third Justin Daley to second
|
|
Batting: RHB Jeff Floyd
|
0-0: Swinging Strike 0-1: Called Strike 0-2: Ball 1-2: Ball 2-2: Ball 3-2: Strikes out swinging
|
|
Batting: RHB Armando Ramirez
|
0-0: Ball 1-0: Reached on error, E9 (Flyball, 9D, EV 101.9 MPH) Ivan Barrientos scores Justin Daley to third Javy Franco to second
|
|
Batting: RHB Rip Log
|
0-0: Ball 1-0: Ball 2-0: SINGLE (Groundball, 4MD, EV 96.9 MPH) Justin Daley scores Javy Franco to third Armando Ramirez to second Runner from 3rd tries for Home, SAFE, throw by CF to home
|
|
Pitching: RHP Eddie Laura
|
|
|
Batting: RHB Mike Lassiter
|
0-0: Ball 1-0: SINGLE (Groundball, 56D, EV 103.1 MPH) Armando Ramirez to third Rip Log to second Runner from 3rd tries for Home, SAFE, throw by LF to home
|
|
Batting: RHB Patrick Pinault
|
0-0: Called Strike 0-1: Called Strike 0-2: Ball Wild Pitch! Rip Log to third Mike Lassiter to second 1-2: Strikes out swinging
|
|
Pinch Hitting: LHB Iestyn Peacock
|
0-0: Foul Ball, location: 2F 0-1: Foul Ball, location: 2F 0-2: Foul Ball, location: 2F 0-2: Ball 1-2: Strikes out swinging
|
| Bottom of the 7th over - 5 runs, 4 hits, 1 error, 2 left on base; University of Florida 0 - University of Georgia 7 |
| TOP OF THE 8TH |
|
University of Florida Gators batting - Pitching for University of Georgia Bulldogs : RHP Matt Schmidt
|
|
Now in LF: Danny Salas
|
|
|
Now in CF: Ivan Barrientos
|
|
|
Now in RF: Iestyn Peacock
|
|
|
Batting: RHB Troy Morin
|
0-0: Fly out, F8 (Flyball, 8LS, EV 96.2 MPH)
|
|
Batting: LHB Carlos Palau
|
0-0: Ball 1-0: SINGLE (Line Drive, 9S, EV 103.1 MPH)
|
|
Batting: LHB Andy Buschlen
|
0-0: Foul Ball, location: 2F 0-1: Ball 1-1: Foul Ball, location: 2F 1-2: Foul Ball, location: 2F 1-2: Ball 2-2: Ball 3-2: TRIPLE (Flyball, 78XD, EV 96.9 MPH) Carlos Palau scores
|
|
Batting: LHB Tomas Espino
|
0-0: SINGLE (Line Drive, 8LS, EV 111.9 MPH) Andy Buschlen scores
|
|
Pinch Hitting: RHB Alejandro Gomez
|
0-0: Ball 1-0: Ball 2-0: Foul Ball, location: 2F 2-1: SINGLE (Line Drive, 78M, EV 105.6 MPH) Tomas Espino to second
|
|
Batting: SHB Edgar Dominguez
|
0-0: Called Strike 0-1: Fielders Choice at 2nd, 4-6 (Groundball, 34, EV 106.9 MPH) Tomas Espino to third
|
|
Batting: SHB Sun-wei Ng
|
0-0: Called Strike 0-1: Foul Ball, location: 2F 0-2: Ball 1-2: Ball 2-2: SINGLE (Flyball, 6MD, EV 83.8 MPH) Tomas Espino scores Edgar Dominguez to second Runner from 2nd tries for 3rd, SAFE, throw by CF made to third
|
|
Pitching: RHP Moises Baez
|
|
|
Batting: RHB Eddie Luna
|
0-0: Ball 1-0: Swinging Strike 1-1: Ball 2-1: Ball Passed Ball! Edgar Dominguez scores Sun-wei Ng to second 3-1: Base on Balls
|
|
Pinch Hitting: SHB Milt Andrews
|
0-0: Ball 1-0: Fly out, F8 (Flyball, 8LD, EV 98.8 MPH)
|
| Top of the 8th over - 4 runs, 5 hits, 0 errors, 2 left on base; University of Florida 4 - University of Georgia 7 |
| BOTTOM OF THE 8TH |
|
University of Georgia Bulldogs batting - Pitching for University of Florida Gators : RHP Eddie Laura
|
|
Pitching: RHP David Oviedo
|
|
|
Now at 3B: Jorge Lagunas
|
|
|
Now in LF: Milt Andrews
|
|
|
Now in CF: Andy Buschlen
|
|
|
Batting: RHB Ivan Barrientos
|
0-0: Ball 1-0: Ground out 4-3 (Groundball, 4, EV 108.1 MPH)
|
|
Batting: LHB Justin Daley
|
0-0: Fly out, F8 (Flyball, 8RD, EV 90.6 MPH)
|
|
Batting: LHB Danny Salas
|
0-0: Ball 1-0: Fly out, F7 (Flyball, 7D, EV 96.2 MPH)
|
| Bottom of the 8th over - 0 runs, 0 hits, 0 errors, 0 left on base; University of Florida 4 - University of Georgia 7 |
| TOP OF THE 9TH |
|
University of Florida Gators batting - Pitching for University of Georgia Bulldogs : RHP Moises Baez
|
|
Pinch Hitting: RHB Seth Oliphant
|
0-0: Called Strike 0-1: Ball 1-1: Foul Ball, location: 2F 1-2: Ball 2-2: Foul Ball, location: 2F 2-2: Ball 3-2: Strikes out swinging
|
|
Batting: SHB Rich Hood
|
0-0: Ball 1-0: DOUBLE (Line Drive, 5D, EV 101.9 MPH)
|
|
Pitching: RHP Joe Underhill
|
|
|
Batting: LHB Andy Buschlen
|
0-0: Fly out, F7 (Flyball, 7LD, EV 102.5 MPH)
|
|
Batting: LHB Tomas Espino
|
0-0: Fly out, F8 (Flyball, 8RM, EV 94.4 MPH)
|
| Top of the 9th over - 0 runs, 1 hit, 0 errors, 1 left on base; University of Florida 4 - University of Georgia 7 |
|